Cogmind - Beta 10.2 @@@ ROGUE MODE // 2020.12.17 @ 11:05:13 Player: Cracklepappy Result: Destroyed by D-53 Grenadier with Mini Grenade Launcher Performance ------------- Evolutions (0) 0 Regions Visited (2) 400 Robots Destroyed (25) 125 Value Destroyed (448) 448 Prototype IDs (2) 40 Alien Tech Used (0) 0 Bonus (0) 0 TOTAL SCORE: 1013 Bonus ------- None Cogmind --------- Core Integrity 0/250 Matter 218/300 Energy 53/100 System Corruption 0% Temperature Cool (0) Movement Treading (180) Ox1 Location -10/Mines Parts ------- > --- POWER (1) -------- (None) > --- PROPULSION (2) --- Light Treads Armored Wheel > --- UTILITY (2) ------ Medium Storage Unit Large Storage Unit > --- WEAPON (2) ------- Light Assault Rifle Light Assault Rifle > --- INVENTORY (14) --- Light Ion Engine Light Treads Light Treads Armored Wheel Large Storage Unit Large Storage Unit High-capacity Matter Pod (0) Assault Rifle Light Assault Rifle Light Assault Rifle Grenade Launcher Grenade Launcher Datajack Mining Laser Peak State ------------ > --- POWER ------------ Ion Engine > --- PROPULSION ------- Light Treads Armored Wheel > --- UTILITY ---------- Large Storage Unit Improved Terrain Scanner > --- WEAPON ----------- Assault Rifle Assault Rifle > --- INVENTORY -------- Light Ion Engine Light Treads Armored Wheel Armored Wheel Medium Storage Unit Large Storage Unit Assault Rifle Mining Laser [Rating: 10] Favorites ----------- Power Ion Engine Engine Ion Engine Propulsion Light Treads Treads Light Treads Wheel Armored Wheel Utility Large Storage Unit Device Improved Terrain Scanner Storage Large Storage Unit Weapon Assault Rifle Ballistic Gun Assault Rifle Launcher Grenade Launcher Special Weapon Mining Laser Special Melee Weapon Datajack Build | -11 -10 -10 ------- Run | Scr Mat Min Slots Evolved . | . . . Power . | . . . Propulsion . | . . . Utility . | . . . Weapon . | . . . Parts Attached 24 | 7 10 7 Power 1 | 1 . . Engine 1 | 1 . . Core . | . . . Reactor . | . . . Propulsion 4 | 2 2 . Treads 2 | 1 1 . Leg . | . . . Wheel 2 | 1 1 . Hover . | . . . Flight . | . . . Utility 4 | 2 2 . Device 1 | 1 . . Storage 3 | 1 2 . Processor . | . . . Hackware . | . . . Protection . | . . . Artifact . | . . . Weapon 15 | 2 6 7 Energy Gun . | . . . Energy Cannon . | . . . Ballistic Gun 10 | 2 4 4 Ballistic Cannon . | . . . Launcher 3 | . . 3 Special Weapon 1 | . 1 . Impact Weapon . | . . . Slashing Weapon . | . . . Piercing Weapon . | . . . Special Melee Weapon 1 | . 1 . Unidentified Prototypes . | . . . Parts Lost 1 | . . 1 Power 1 | . . 1 Propulsion . | . . . Utility . | . . . Weapon . | . . . Highest Loss Streak 1 | . . 1 Average Slot Usage (%) 99 | . 99 98 Engine 13 | . 14 12 Treads 13 | . 13 14 Wheel 14 | . 14 14 Device 3 | . 4 . Storage 24 | . 23 28 Ballistic Gun 26 | . 26 25 Naked Turns . | . . . Heaviest Build 33 | 14 33 31 Greatest Support 20 | 10 20 12 Greatest Overweight (x) 2 | 1 2 2 Average Overweight (x) 1 | . 1 2 Largest Inventory Capacity 14 | 6 14 14 Average Capacity 11 | 5 12 14 Most Carried 14 | 6 14 14 Average Carried 10 | 4 11 13 Final Capacity 14 | 6 14 14 Final Carried 14 | 6 14 14 Class Distribution -------------------- 100% | Mutant Dominant Class ---------------- Mutant | -10/Materials Mutant | -10/Mines Resources | -11 -10 -10 ----------- Run | Scr Mat Min Matter Collected 845 | 281 529 35 Remotely . | . . . Salvage Created 886 | 116 750 20 Parts 47 | 15 30 2 Haulers Intercepted 2 | . 2 . Recyclers Shooed 2 | . 2 . Parts Field Recycled . | . . . Retrieved Matter . | . . . Parts Self-Destructed . | . . . Prevented . | . . . Kills | -11 -10 -10 ------- Run | Scr Mat Min Combat Hostiles Destroyed 19 | . 12 7 Guns 12 | . 12 . AOE 7 | . . 7 Classes Destroyed 6 | 2 3 1 Tunneler 4 | 4 . . Hauler 2 | . 2 . Recycler 4 | 1 3 . Swarmer 6 | . 3 3 Grunt 9 | . 9 . Assembled 4 | . . 4 Best Kill Streak 4 | 3 4 4 Combat Bots Only 4 | . 3 4 Max Kills in Single Turn 3 | 1 1 3 Gunslinging . | . . . Exploded 3 | . . 3 Melee . | . . . Uniques/NPCs Destroyed . | . . . Combat | -11 -10 -10 -------- Run | Scr Mat Min Damage Taken 1028 | . 555 473 Core 253 | . 103 150 Absorbed by Shields . | . . . Core Remaining (%) 100 | 100 . . Volleys Fired 86 | 9 73 4 Largest 2 | 2 2 2 Hottest 100 | 40 100 60 Shots Fired 169 | 18 144 7 Gun 162 | 18 142 2 Cannon . | . . . Launcher 5 | . . 5 Special 2 | . 2 . Kinetic 162 | 18 142 2 Thermal 2 | . 2 . Explosive 5 | . . 5 Electromagnetic . | . . . Robot Hit Streak 14 | 3 14 1 Robot Miss Streak 8 | 2 8 1 Penetration Max . | . . . Secondary Targets . | . . . Shots Hit Robots 107 | 10 95 2 Core Hits 49 | 6 33 10 Critical Hits 1 | . 1 . Critical Kills . | . . . Critical Parts Destroyed . | . . . Melee Attacks . | . . . Impact . | . . . Slashing . | . . . Piercing . | . . . Sneak Attacks . | . . . Combat Hostiles . | . . . Follow-up Attacks . | . . . Damage Inflicted 1583 | 133 1101 349 Guns 1212 | 133 1079 . Cannons . | . . . Explosions 349 | . . 349 Melee . | . . . Ramming 22 | . 22 . Kinetic 1212 | 133 1079 . Thermal . | . . . Explosive 349 | . . 349 Electromagnetic . | . . . Impact . | . . . Slashing . | . . . Piercing . | . . . Highest Corruption . | . . . Average Corruption . | . . . Corruption Purged . | . . . Overload Shots . | . . . Overflow Damage 10 | . . 10 Projectiles . | . . . Explosions 10 | . . 10 Melee . | . . . Knockbacks . | . . . Impact . | . . . Kinetic . | . . . Secondary . | . . . Self-Inflicted Damage 55 | . 10 45 Shots 2 | . . 2 Rammed 3 | . 3 . Targets Rammed 3 | . 3 . Kicked . | . . . Crushed . | . . . Highest Temperature 20 | 6 20 . Average Temperature 8 | 6 9 . Received Heat Transfer 319 | . 279 40 Siege Activations . | . . . Robots Corrupted . | . . . Combat Hostiles . | . . . Parts Fried . | . . . Impact Corruptions . | . . . Robots Melted . | . . . Combat Hostiles . | . . . Parts Melted . | . . . Heat Transferred . | . . . Parts Sabotaged . | . . . Parts Stolen . | . . . Parts Stripped . | . . . Power Chain Reactions . | . . . Missiles Intercepted . | . . . Alert | -11 -10 -10 ------- Run | Scr Mat Min Peak Influence 282 | 25 282 188 Initial 109 | . 16 109 Average 152 | 10 161 185 Maximum Alert Level 1 | . 1 . Low Security (%) 73 | 100 66 100 Level 1 26 | . 33 . Level 2 . | . . . Level 3 . | . . . Level 4 . | . . . Level 5 . | . . . High Security . | . . . Max Security . | . . . Squads Dispatched 3 | . 3 . Investigation 2 | . 2 . Extermination . | . . . Reinforcement 1 | . 1 . Assault . | . . . Garrison . | . . . Intercept . | . . . Construction Impeded . | . . . Haulers Reinforced . | . . . Stealth | -11 -10 -10 --------- Run | Scr Mat Min Distress Signals 3 | . 3 . Communications Jammed . | . . . Distress Signals . | . . . Times Spotted 43 | . 32 11 Peak Tracking Total 7 | . 7 6 Tactical Retreats 5 | . 5 . Traps | -11 -10 -10 ------- Run | Scr Mat Min Traps Triggered . | . . . Indirectly . | . . . Trap Hack Attempts 29 | . 29 . Triggered . | . . . Disarmed . | . . . Reprogrammed 1 | . 1 . Reused . | . . . Traps Extracted . | . . . Installed . | . . . Triggered . | . . . Machines | -11 -10 -10 ---------- Run | Scr Mat Min Machines Disabled . | . . . Max in Single Turn . | . . . Machines Sabotaged . | . . . Garrisons Compromised . | . . . Overloaded Fab Kills . | . . . Fab Network Shutdowns . | . . . Hacking | -11 -10 -10 --------- Run | Scr Mat Min Machines Accessed 10 | . 9 1 Terminals 7 | . 6 1 Fabricators . | . . . Repair Stations 1 | . 1 . Recycling Units 2 | . 2 . Scanalyzers . | . . . Garrison Access . | . . . Total Hacks 30 | . 28 2 Successful 13 | . 11 2 Failed 17 | . 17 . Catastrophic 1 | . 1 . Database Lockouts . | . . . Manual 10 | . 8 2 Terminals 22 | . 20 2 Fabricators . | . . . Repair Stations 2 | . 2 . Recycling Units 6 | . 6 . Scanalyzers . | . . . Garrison Access . | . . . Terminal Hacks 6 | . 5 1 Part Schematic 1 | . 1 . Prototype ID Bank 1 | . 1 . Locate Traps 1 | . 1 . Hauler Manifests 1 | . 1 . Zone Layout 2 | . 1 1 Fabricator Hacks . | . . . Repair Station Hacks 2 | . 2 . Scan Component 1 | . 1 . Repair 1 | . 1 . Recycling Unit Hacks . | . . . Scanalyzer . | . . . Garrison Access Hacks . | . . . Unauthorized Hacks 5 | . 4 1 Terminals 3 | . 2 1 Track 2 | . 1 1 Operators 1 | . 1 . Fabricators . | . . . Repair Stations . | . . . Recycling Units 2 | . 2 . Tunnel 2 | . 2 . Scanalyzers . | . . . Garrison Access . | . . . Data Cores Recovered . | . . . Used . | . . . Hacking Detections 7 | . 7 . Full Trace Events . | . . . Feedback Events . | . . . Feedback Blocked . | . . . Robot Schematics Acquired . | . . . Robots Built . | . . . Matter . | . . . Time . | . . . Total Robot Build Rating . | . . . Part Schematics Acquired 1 | . 1 . Parts Built . | . . . Matter . | . . . Time . | . . . Total Part Build Rating . | . . . Parts Repaired 1 | . 1 . Time 26 | . 26 . Parts Recycled . | . . . Recycled Matter . | . . . Retrieved Matter . | . . . Retrieved Components . | . . . Parts Scanalyzed . | . . . Part Schematics Acquired . | . . . Parts Damaged . | . . . Bothacking | -11 -10 -10 ------------ Run | Scr Mat Min Used RIF Installer . | . . . Robots Hacked . | . . . Non-combat . | . . . Combat . | . . . Robot Hacks Applied . | . . . Relay Couplers Released . | . . . Robots Rewired . | . . . Allies Hacked . | . . . Hacks Repelled . | . . . Allies | -11 -10 -10 -------- Run | Scr Mat Min Total Allies . | . . . Largest Group . | . . . Highest-Rated Group . | . . . Highest-Rated Ally . | . . . Total Orders . | . . . Ally Attacks . | . . . Total Damage . | . . . Kills . | . . . Allies Corrupted . | . . . Allies Melted . | . . . Intel | -11 -10 -10 ------- Run | Scr Mat Min Robot Analysis Total . | . . . Derelict Logs Recovered 1 | . . 1 Drone Launches . | . . . Drone Recoveries . | . . . Exploration | -11 -10 -10 ------------- Run | Scr Mat Min Turns Passed 1400 | 114 1093 193 Spaces Moved 901 | 81 665 155 Core 1 | 1 . . Treads 1 | . 1 . Legs . | . . . Wheels 899 | 80 664 155 Hover . | . . . Flight . | . . . Fastest Speed 50 | 50 90 110 Average Speed 106 | 87 107 110 Slowest Speed 180 | 90 180 110 Overloaded Moves . | . . . Propulsion Burnouts . | . . . Robots Hopped . | . . . Cave-ins Triggered . | . . . Exploration Rate (%) 46 | 5 99 34 Regions Visited 2 Branch Regions 1 Pre-discovered Areas 3 | . 2 1 Known Exits Taken . | . . . Unknown Exits Taken 2 | 1 1 . Scrap Searched 1 | . . 1 Spaces Dug 2 | . 2 . Terrain Destroyed 29 | . 2 27 Melee . | . . . Projectile 2 | . 2 . AOE 27 | . . 27 Terrain Rammed . | . . . Walls Destroyed . | . . . Machines Disabled . | . . . Actions | -11 -10 -10 --------- Run | Scr Mat Min Total 1168 | 102 898 168 Wait 90 | . 90 . Move 899 | 80 664 155 Hop . | . . . Pick Up 24 | 6 17 1 Fast Attach 9 | 7 2 . Attach 2 | . 1 1 Detach . | . . . Swap 13 | . 7 6 Drop 13 | . 12 1 Fire 86 | 9 73 4 Melee . | . . . Ram 3 | . 3 . Kick . | . . . Crush . | . . . Escape Stasis . | . . . Rewire . | . . . Trap 29 | . 29 . Miscellaneous . | . . . Route ------- -11/Scrapyard -10/Materials (discovered 5 exits: [*Mat x3] / *Min x2) -10/Mines (discovered 1 exit: [*Mat]) History --------- Turn | Location | Event 37 | -11/Scrapyard | Discovered new exit (range 12) 115 | -11/Scrapyard | Entered Materials 205 | -10/Materials | Discovered new exit (range 8) 316 | -10/Materials | Build established: Mutant 378 | -10/Materials | Discovered new exit (range 12) 564 | -10/Materials | Discovered new exit (range 6) 852 | -10/Materials | Discovered new exit (range 11) 884 | -10/Materials | Discovered new exit (range 9) 1163 | -10/Materials | Repaired Lgt. Treads 1208 | -10/Materials | Entered Mines 1244 | -10/Mines | Discovered new exit (range 8) 1367 | -10/Mines | Learned location of Mines (-9) 1374 | -10/Mines | Assembled infested the area 1379 | -10/Mines | Assisted by a Guerilla fighting off Assembled 1390 | -10/Mines | Core integrity fell below 50% 1395 | -10/Mines | Core integrity fell below 20% 1401 | -10/Mines | Destroyed by D-53 Grenadier with Mini Grenade Launcher Last Messages --------------- 01367_ Acquired derelict log, extracted data. World map updated: -9/Mines. 01374_ ALERT: Infestation in the mines, dispatching Demolisher response squad. 01376_ U-05 Engineer destroyed. 01379_ A derelict emerges from the shadows: "You need to get out of here! I've been tracking a group of Assembled to figure out where they're coming from, and they're closing on this area, come on!" 01381_ K-01 Serf collects debris. 01385_ RX-30U(h) heat spikes uncontrollably. 01385_ RX-30U(h) critical meltdown. 01385_ Ion Engine destroyed. 01389_ as-74360 destroyed. 01389_ Destroyed Asb. F-torch. 01389_ as-96433 destroyed. 01389_ as-54093 destroyed. 01392_ as-72545 destroyed. 01393_ as-59130 destroyed. 01396_ The unstable cave ceiling collapses. 01399_ D-53 Grenadier destroyed. Map ----- +----------------------------------------------------+ | ?????????????????????????????????????????????????? | | ?????????????????????????????????????????????????? | | ?????????????????????????????????????????????????? | | ?????????????????????????????????????????????????? | | ?????????????????????????????????????????????????? | | ?????????????????????????????????????????????????? | | ?????????????????????????????????????????????????? | | ?????????????????????????????????????????????????? | | ?????????????????????????????????????????????????? | | ?????????????????????????????????????????????????? | | ?????????????????????????????????????????????????? | | ????????? ?????????????????###???????????????????? | | ????????# ???????????????# ###???????????????? | | ????????# ??????????????# ???????????????? | | ???##???# ?????????????? ?? ????????????? | | ??? ??# ?????????????? ?? ????????????? | | ???? ??# ????????????## ? ?????????????? | | ????# ?# ????????????# ? ??????????????? | | ????# ## ???????????? ? ???????????????? | | ????? ##?????????? ????????????????? | | ?????? ###???????## % ?????????????????? | | ???????# ##?????## # ??????????????????? | | ??????## #????## ##??????????????????? | | ?###??# #????# #??????????????????? | | ?# ##?# ##???# d #??????????????????? | | ?# ##?# ###?# @ #??????????????????? | | ## #???# ### #??????????????????? | | # #???## % ###????????????????? | | # #????## ### ##?# ???????????? | | ##????## ##?## # #### ???????????? | | ###???## ###?##### ## #?##???????????? | | ##???# ##???# # ### #??????????????? | | """ ##### #????## ### #??????????????? | | """ u #????# #?## #??????????????? | | # """ ##### #????# #??## ##?????????????? | | ## """ #???# #????# #???# ##????????????? | | ## ###### ###### ########## ##???????????? | | # ##?# ### ## ???????????? | | # ##??# #?# ### ???????????? | | < ##??# #?# #?## ???????????? | | #??# #?# #??## ???????????? | | # #??# """ """ #?# #???## ???????????? | | ### ##??# """ """ ### #????##???????????? | | ??#####???# """ """ T#########?????????????????? | | ??????????##############?????????????????????????? | | ?????????????????????????????????????????????????? | | | | | | | | | +----------------------------------------------------+ Best States ------------- Heat Dissipation 25 Energy Generation 10 Energy Capacity 250 Matter Stores 300 Matter Capacity 300 Sight Range 16 Terrain Scan Range 16 Terrain Scan Density 10 Evasion (%) 44 Recoil Reduction 1 Item Schematics ----------------- Hcp. Storage Unit | -10/Materials | Hacked Robot Schematics ------------------ None Fabricated ------------ Nothing Alien Tech Used ----------------- None Achievements -------------- None Challenges ------------ None Game ------ Seed RagnarokAntimissileTearclaws Manual? 0 Play Time 00:20:39 Cumulative 265.8 hours Start 2020.12.17 @ 10:44:03 End 2020.12.17 @ 11:05:13 Sessions 1 Manual Loads 0 Difficulty Rogue Special Mode None Game No. 277 Rogue 277 Adventurer 0 Explorer 0 Win Type - Total 4 Types 4/0/0/0/0/0/0/0/0 Lore% 63 Gallery% 78 Achievement% 61 Wizard Run 0 Options --------- ASCII 0 Keyboard 0 Movement Numpad Keybinds 0 Fullscreen 2 Font 24/Terminus Map View 76x50 Tactical HUD 1 Map Filters NONE Filters NONE Steam 1 RUN: e828d750-fef0-4c82-bcb3-53f2838c3988